 Dungeon Crawl Stone Soup version 0.17-a0-1760-ga6756ae (webtiles) character file.

85969 Leibowitz the Blocker (level 15, -17/126 HPs)
             Began as a Demigod Fighter on Sept 3, 2015.
             Killed from afar by a fire dragon (37 damage)
             ... with a blast of flame
             ... on level 8 of the Lair of Beasts.
             The game lasted 02:36:51 (36660 turns).

Leibowitz the Blocker (Demigod Fighter)            Turns: 36660, Time: 02:36:51

Health: -17/126    AC: 21    Str: 27    XL:     15   Next: 0%
Magic:  21/21      EV: 14    Int: 17    God:
Gold:   2344       SH: 21    Dex: 20    Spells: 1 memorised, 17 levels left

rFire  . . .     SeeInvis +     a - +1 scimitar (flame)
rCold  . . .     Clarity  +     Y - +0 plate armour of Elitism {rPois Regen+ Int+5} (curse)
rNeg   . . .     SustAt   +     y - +0 large shield
rPois  +         Gourm    .     (helmet restricted)
rElec  .         Spirit   .     z - +2 cloak
rCorr  .         Warding  .     u - +0 pair of gloves
rMut   .         Stasis   .     N - +2 pair of boots
MR     ++...                    x - amulet of Xom's Entertainment {Clar +Blink SInv Stlth+}
Stlth  ..........               K - +5 ring of dexterity
                                g - ring of protection from magic

@: very resistant to hostile enchantments, extremely unstealthy
A: antennae 1, clumsy 1, high mp 1, no device heal 1, sustain attributes
a: Evoke Blink


You were on level 8 of the Lair of Beasts.
You were not hungry.

You visited 3 branches of the dungeon, and saw 23 of its levels.
You also visited: Ice Cave.

You collected 2684 gold pieces.
You spent 340 gold pieces at shops.

Inventory:

Hand weapons
 a - a +1 scimitar of flaming (weapon)
 b - a +1 short sword of venom
 d - a +1 long sword of freezing
 Q - a +4 blowgun
Missiles
 n - 68 poisoned needles
 p - 7 javelins (quivered)
 s - 6 curare-tipped needles
Armour
 o - the +2 ring mail "Ilith" {rElec MR- Int+3}
   (You found it on level 3 of the Lair of Beasts)

   It affects your intelligence (+3).
   It insulates you from electricity.
   It affects your resistance to hostile enchantments.
 u - a +0 pair of gloves (worn)
 y - a +0 large shield (worn)
 z - a +2 cloak (worn)
 H - the +3 ring mail "Wicy" {MR+ Str+2 Stlth+}
   (You found it on level 8 of the Dungeon)

   It affects your strength (+2).
   It affects your resistance to hostile enchantments.
   It makes you more stealthy.
 N - a +2 pair of boots (worn)
 Y - the cursed +0 plate armour of Elitism (worn) {rPois Regen+ Int+5}
   (You found it on level 8 of the Lair of Beasts)

   It affects your intelligence (+5).
   It protects you from poison.
   It increases your rate of regeneration.
   It has a curse placed upon it.
Jewellery
 g - a ring of protection from magic (left hand)
 k - an uncursed ring of stealth
 r - an uncursed ring of protection from cold
 x - the amulet of Xom's Entertainment (around neck) {Clar +Blink SInv Stlth+}
   (You found it on level 5 of the Lair of Beasts)

   [amulet of clarity]

   It provides mental clarity.
   It lets you see invisible.
   It lets you blink.
   It makes you more stealthy.
 D - an uncursed ring of see invisible
 J - an uncursed ring of magical power
 K - a +5 ring of dexterity (right hand)
 X - an uncursed amulet of rage
Magical devices
 c - a wand of digging (7)
 q - a wand of heal wounds (3)
 O - a wand of polymorph (15)
 S - a wand of fire (8)
 T - a wand of random effects (2)
 V - a wand of teleportation (3)
 W - a wand of disintegration (18)
Scrolls
 j - 8 scrolls of remove curse
 l - 19 scrolls of identify
 A - a scroll of fear
 B - 5 scrolls of enchant weapon
 I - 2 scrolls of enchant armour
 L - 4 scrolls of fog
Potions
 e - 7 potions of curing
 C - a potion of magic
 E - a potion of brilliance
 M - a potion of flight
 P - a potion of haste
Books
 m - a book of Battle

   Spells                             Type                      Level
   a - Infusion                       Charms                       1
   b - Shroud of Golubria             Charms/Translocation         2
   c - Song of Slaying                Charms                       2
   d - Spectral Weapon                Hexes/Charms                 3
   e - Regeneration                   Charms/Necromancy            3
 v - a book of Clouds

   Spells                             Type                      Level
   a - Mephitic Cloud                 Conjuration/Poison/Air       3
   b - Conjure Flame                  Conjuration/Fire             3
   c - Poisonous Cloud                Conjuration/Poison/Air       6
   d - Freezing Cloud                 Conjuration/Ice/Air          6
   e - Ring of Flames                 Charms/Fire                  7
 R - a book of Enchantments

   Spells                             Type                      Level
   a - Cause Fear                     Hexes                        4
   b - Silence                        Hexes/Air                    5
   c - Deflect Missiles               Charms/Air                   6
   d - Haste                          Charms                       6
   e - Discord                        Hexes                        8
 U - a book of Debilitation

   Spells                             Type                      Level
   a - Corona                         Hexes                        1
   b - Slow                           Hexes                        2
   c - Gell's Gravitas                Hexes/Translocation          3
   d - Inner Flame                    Hexes/Fire                   3
   e - Cause Fear                     Hexes                        4
   f - Leda's Liquefaction            Hexes/Earth                  4
Comestibles
 f - 8 bread rations
 h - a chunk of flesh
 i - 13 meat rations
 t - 8 beef jerkies
 w - 6 fruits
 G - 7 slices of pizza


   Skills:
 + Level 10.2 Fighting
 + Level 1.5(7.6) Short Blades
 + Level 11.6 Long Blades
 + Level 2.5 Throwing
 * Level 8.4 Armour
 + Level 12.2 Dodging
 + Level 5.0 Stealth
 + Level 12.9 Shields
 + Level 2.0 Spellcasting
 + Level 3.0 Charms
 + Level 3.2 Evocations


You had 17 spell levels left.
You knew the following spells:

 Your Spells              Type           Power        Failure   Level  Hunger
a - Infusion              Chrm           ##....       99%         1    #......


Dungeon Overview and Level Annotations

Branches:
Dungeon (11/15)            Temple (0/1) D:5            Lair (8/8) D:9
 Shoals (0/4) Lair:3        Snake (0/4) Lair:5        Slime (0/6) Lair:8
    Orc (4/4) D:11            Elf (0/3) Orc:4

Shops:
D:7 }   D:9 ?   Orc:2 *   Orc:3 !   Orc:4 (

Annotations:
Orc:4 Herrn's ghost, powerful NaFi; Maud


Innate Abilities, Weirdness & Mutations

You have an increased reservoir of magic (+10% MP).
Your attributes are resistant to harm.
You have a pair of small antennae on your head.
You are clumsy. (Dex -2)
Potions and wands are less effective at restoring your health.


Message History

Moving in this stuff is going to be slow.
You enter the shallow water.
Moving in this stuff is going to be slow.
Some of the chunks of flesh in your inventory have rotted away.
The fire dragon breathes flames at you. The blast of flame hits you!
The fire dragon breathes flames at you. The blast of flame misses you.
You hear an angry hiss.
You hear a screech!
The fire dragon breathes flames at you. The blast of flame misses you.
A hippogriff comes into view.
The fire dragon breathes flames at you. The blast of flame misses you.
The fire dragon breathes flames at you. The blast of flame hits you!
* * * LOW HITPOINT WARNING * * *
The fire dragon breathes flames at you. The blast of flame hits you!
You die...

P.(#...........#............# ♣.
...#........#.###...........# ♣P
...##................b......# ♣♣.
............................# ♣P.
............................# ♣♣≈
................#...........# ♣..
.##.......P......P..........# ♣♣≈
.#............<.............# ♣≈≈
................@..l........# ♣§≈
............................# ♣♣≈
.....................D......# ♣♣≈
.......................H....#♣♣≈≈
.+..PP............P.........#P§≈.
#.#...P..........P.P..........§..
....P.........###................
....#.#.PP#....#.................
........PP#.....................[


You could see a fire dragon, a komodo dragon and a hippogriff.

Vanquished Creatures
  The ghost of Garrluk the Geomancer, a powerful DsEE of Dithmenos (Lair:3)
  Snorg (Lair:4)
  Josephine (Lair:4)
  Fannar (D:10)
  10 hydras
  An ogre mage (Orc:2)
  The ghost of Raxtorm the Bludgeoner, a powerful MiBe of Trog (Lair:1)
  Erica (D:9)
  A centaur warrior (D:11)
  17 death yaks
  2 iron golems
  Nergalle (Lair:5)
  A lindwurm (Lair:8)
  5 hill giants
  2 ice statues (IceCv)
  An obsidian statue (D:10)
  Pikel (D:6)
  2 orc knights (Orc:3)
  The ghost of Gargoyl the Covered, an experienced DsAK of Lugonu (D:6)
  An ugly thing (D:11)
  2 cyclopes
  12 elephants
  2 griffons
  Maurice (D:9)
  Joseph (D:9)
  A manticore (Lair:3)
  A centaur zombie (D:10)
  17 spiny frogs
  3 black mambas
  3 fire drakes
  15 komodo dragons
  3 trolls
  A polar bear (Lair:2)
  2 two-headed ogres
  38 blink frogs
  A shadow (D:11)
  A boulder beetle (Lair:7)
  A wyvern (Lair:3)
  A hungry ghost (D:10)
  36 yaks
  5 wraiths (Lair:4)
  3 basilisks
  A deep elf mage (D:10)
  18 wolves
  13 hippogriffs
  4 steam dragons
  A hog (D:7)
  Menkaure (D:4)
  A human (D:7)
  3 wargs
  Edmund (D:4)
  15 porcupines
  23 water moccasins
  Duvessa (D:7)
  14 orc warriors
  A spider (D:11)
  A necrophage (D:9)
  A sky beast (D:3)
  2 slaves (D:6)
  2 black bears
  A phantom (D:11)
  8 ice beasts
  7 ogres
  A wasp (D:11)
  7 centaurs
  21 crocodiles
  19 giant frogs
  Blork the orc (D:4)
  2 big kobolds (D:10)
  Dowan (D:7)
  11 wights
  11 killer bees
  An electric eel (Lair:3)
  6 crimson imps
  8 jellies
  7 hounds
  13 iguanas
  A giant frog skeleton (D:11)
  19 orc priests
  30 orc wizards
  A centaur skeleton (D:6)
  A giant frog zombie (D:8)
  13 two-headed ogre zombies (Orc:2)
  Ijyb (D:3)
  Natasha (thrice) (D:4)
  7 worker ants
  28 sheep
  3 hound skeletons
  A worker ant zombie (D:9)
  15 gnolls
  90 river rats
  12 adders
  A hound simulacrum (D:8)
  3 white imps (D:8)
  3 shadow imps
  2 ufetubi (D:8)
  2 oozes
  4 worms
  2 giant geckos
  184 orcs
  2 ball pythons
  11 bats
  10 giant cockroaches
  10 goblins
  5 hobgoblins
  9 jackals
  21 kobolds
  A giant gecko skeleton (D:4)
  5 giant newts
  A jackal skeleton (D:6)
  6 quokkas
  6 rats
  A plant (Lair:4)
944 creatures vanquished.

Vanquished Creatures (others)
  A two-headed ogre zombie (Orc:2)
  A sheep (Lair:8)
  A gnoll (D:8)
  A quokka (D:6)
  A bush (Lair:2)
  47 fungi
  21 plants
73 creatures vanquished.

Grand Total: 1017 creatures vanquished

Notes
Turn   | Place    | Note
--------------------------------------------------------------
     0 | D:1      | Leibowitz the Demigod Fighter began the quest for the Orb.
     0 | D:1      | Reached XP level 1. HP: 18/18 MP: 3/3
   337 | D:1      | Reached XP level 2. HP: 25/25 MP: 4/4
   340 | D:1      | Reached skill level 3 in Armour
  1063 | D:2      | Found a sparkling altar of Nemelex Xobeh.
  1063 | D:2      | Found an opulent altar of Gozag.
  1074 | D:2      | Reached XP level 3. HP: 21/30 MP: 5/5
  1086 | D:2      | Found a sacrificial altar of Ru.
  1469 | D:2      | Reached XP level 4. HP: 4/38 MP: 6/6
  2052 | D:2      | Reached skill level 1 in Dodging
  2384 | D:3      | You fall through a shaft!
  2480 | D:3      | Noticed Ijyb
  2506 | D:3      | Killed Ijyb
  2618 | D:3      | Reached XP level 5. HP: 30/45 MP: 7/7
  2851 | D:3      | Noticed a sky beast
  2869 | D:3      | Killed a sky beast
  3086 | D:3      | Found a faded altar to an unknown god.
  3232 | D:3      | Gained mutation: You have a pair of small antennae on your head. [potion of mutation]
  3232 | D:3      | Gained mutation: You are clumsy. (Dex -2) [potion of mutation]
  3259 | D:3      | Reached XP level 6. HP: 50/52 MP: 8/8
  3499 | D:3      | Reached skill level 4 in Shields
  3572 | D:4      | Noticed Natasha
  3582 | D:4      | Killed Natasha
  3778 | D:4      | Noticed Natasha
  3785 | D:4      | Killed Natasha
  3933 | D:4      | Noticed Edmund
  3934 | D:4      | Noticed Blork the orc
  3947 | D:4      | Killed Blork the orc
  3958 | D:4      | Killed Edmund
  3983 | D:4      | Noticed Natasha
  3989 | D:4      | Killed Natasha
  4011 | D:4      | Reached XP level 7. HP: 59/59 MP: 9/9
  4075 | D:4      | Noticed Menkaure
  4417 | D:4      | Killed Menkaure
  4650 | D:4      | Reached skill level 1 in Short Blades
  4750 | D:5      | Entered Level 5 of the Dungeon
  4782 | D:5      | Found a staircase to the Ecumenical Temple.
  5003 | D:5      | Found a glowing golden altar of the Shining One.
  5346 | D:6      | Noticed Gargoyl's ghost (experienced DsAK)
  5410 | D:6      | Killed Gargoyl's ghost
  5410 | D:6      | Reached skill level 5 in Shields
  5410 | D:6      | Reached XP level 8. HP: 63/67 MP: 10/10
  5416 | D:6      | Found an iron altar of Okawaru.
  5447 | D:6      | Noticed Pikel
  5501 | D:6      | Killed Pikel
  5501 | D:6      | Reached skill level 5 in Fighting
  5501 | D:6      | Reached skill level 5 in Armour
  5821 | D:6      | Reached skill level 5 in Long Blades
  6008 | D:6      | Found a blossoming altar of Fedhas.
  6215 | D:6      | Found a radiant altar of Vehumet.
  6217 | D:6      | Found a deep blue altar of Sif Muna.
  6217 | D:6      | Found an ancient bone altar of Kikubaaqudgha.
  6243 | D:6      | Identified Kikubaaqudgha's Tome of Unholy Arts
  6251 | D:6      | Identified Vehumet's Compendium of Arcane Weapons
  6259 | D:6      | Identified Sif Muna's Almanac of Transmutation
  6408 | D:7      | Reached skill level 1 in Stealth
  6412 | D:7      | Reached XP level 9. HP: 74/74 MP: 11/11
  6551 | D:7      | Reached skill level 6 in Shields
  6880 | D:7      | Reached skill level 5 in Dodging
  6993 | D:7      | Found a burning altar of Makhleb.
  6998 | D:7      | Found an iron altar of Okawaru.
  6998 | D:7      | Found a white marble altar of Elyvilon.
  7001 | D:7      | Found a bloodstained altar of Trog.
  7001 | D:7      | Noticed Duvessa
  7002 | D:7      | Noticed Dowan
  7023 | D:7      | Killed Dowan
  7035 | D:7      | Killed Duvessa
  7309 | D:7      | Reached skill level 1 in Throwing
  7440 | D:7      | Found Anustim's Gadget Shop.
  7768 | D:8      | Got a jacinth-encrusted ring mail
  7779 | D:8      | Identified the +3 ring mail "Wicy" {MR+ Str+2 Stlth+} (You found it on level 8 of the Dungeon)
  8155 | D:8      | Found a basalt altar of Yredelemnul.
  8672 | D:8      | Noticed a hill giant
  8680 | D:8      | Noticed a cyclops
  8697 | D:8      | Killed a hill giant
  8697 | D:8      | Reached skill level 7 in Shields
  8847 | D:8      | Reached XP level 10. HP: 83/83 MP: 13/13
  9058 | D:8      | Killed a cyclops
  9058 | D:8      | Reached skill level 1 in Evocations
  9665 | D:9      | Noticed Maurice
  9709 | D:9      | Killed Maurice
  9767 | D:9      | Noticed Joseph
  9790 | D:9      | Killed Joseph
  9831 | D:9      | Found Isotoqu's Magic Scroll Emporium.
  9848 | D:9      | Found a staircase to the Lair.
  9856 | D:9      | Noticed Erica
  9884 | D:9      | Killed Erica
 10480 | D:9      | Learned a level 1 spell: Infusion
 10531 | D:10     | Entered Level 10 of the Dungeon
 10658 | D:10     | Noticed a hill giant
 10671 | D:10     | Killed a hill giant
 10671 | D:10     | Reached skill level 8 in Shields
 10965 | D:10     | Noticed Fannar
 10995 | D:10     | Killed Fannar
 10995 | D:10     | Reached XP level 11. HP: 68/92 MP: 15/15
 11384 | D:10     | Got a jewelled dagger
 11385 | D:10     | Identified the +11 dagger of the Key {freeze, *Contam rElec Dex+3} (You found it on level 10 of the Dungeon)
 11406 | D:10     | Noticed a hill giant
 11417 | D:10     | Killed a hill giant
 11453 | D:10     | Gained mutation: Potions and wands are less effective at restoring your health. [mutagenic glow]
 11596 | D:10     | Noticed an obsidian statue
 11612 | D:10     | Killed an obsidian statue
 11917 | D:10     | Noticed a hill giant
 11942 | D:10     | Killed a hill giant
 12335 | D:11     | Noticed a centaur warrior
 12336 | D:11     | Noticed an iron golem
 12336 | D:11     | Noticed an iron golem
 12336 | D:11     | Noticed an iron golem
 12336 | D:11     | Noticed an iron golem
 12383 | D:11     | Killed an iron golem
 12453 | D:10     | HP: 3/92 [iron golem (22)]
 13674 | D:11     | Killed a centaur warrior
 14039 | D:11     | Found a staircase to the Orcish Mines.
 14139 | D:11     | Paralysed by a wasp for 2 turns
 14405 | D:11     | Reached skill level 9 in Shields
 15129 | Lair:1   | Entered Level 1 of the Lair of Beasts
 15211 | Lair:1   | Noticed Raxtorm's ghost (powerful MiBe)
 15543 | Lair:2   | Noticed a seven-headed hydra
 15558 | Lair:2   | Killed a two-headed hydra
 15715 | Lair:2   | Reached XP level 12. HP: 92/101 MP: 17/17
 17838 | Lair:1   | Killed Raxtorm's ghost
 18238 | Lair:1   | Reached skill level 10 in Shields
 18658 | Lair:1   | Noticed a six-headed hydra
 18668 | Lair:1   | Killed a one-headed hydra
 19049 | Lair:3   | Found a staircase to the Shoals.
 19054 | Lair:3   | Noticed Garrluk's ghost (powerful DsEE)
 19095 | Lair:3   | Killed Garrluk's ghost
 19095 | Lair:3   | Reached skill level 10 in Dodging
 19750 | Lair:3   | Got a faintly humming ring mail
 19751 | Lair:3   | Identified the +2 ring mail "Ilith" {rElec MR- Int+3} (You found it on level 3 of the Lair of Beasts)
 19814 | Lair:3   | Noticed an eight-headed hydra
 19822 | Lair:3   | Killed a four-headed hydra
 19987 | Lair:3   | Reached XP level 13. HP: 100/110 MP: 18/18
 20035 | Lair:3   | HP: 5/110 [blink frog (15)]
 21087 | Lair:4   | Noticed Josephine
 21101 | Lair:4   | Killed Josephine
 21103 | Lair:4   | Found a frozen archway.
 21115 | IceCv    | Entered an ice cave
 21924 | Lair:4   | Reached skill level 10 in Long Blades
 22184 | Lair:4   | Noticed Nergalle
 22703 | D:10     | Killed an iron golem
 22796 | Orc:1    | Entered Level 1 of the Orcish Mines
 23311 | Orc:2    | Reached skill level 11 in Shields
 23318 | Orc:2    | Got a scorched flail
 23391 | Orc:2    | Found Hedu Jeu's General Store.
 25577 | Orc:3    | Found Qeup's Distillery.
 25606 | Orc:3    | Bought a potion of heal wounds for 70 gold pieces
 25606 | Orc:3    | Bought a potion of heal wounds for 70 gold pieces
 25606 | Orc:3    | Bought a potion of haste for 140 gold pieces
 25836 | Orc:4    | Entered Level 4 of the Orcish Mines
 25836 | Orc:4    | Found Refreu's Antique Weapon Emporium.
 25883 | Orc:4    | Bought a glowing blowgun for 60 gold pieces
 25885 | Orc:4    | Identified the +6 flail of Tortfeasance {venom, rN+ Stlth+} (You found it on level 2 of the Orcish Mines)
 25911 | Orc:4    | Found a staircase to the Elven Halls.
 26097 | Orc:4    | Noticed Herrn's ghost (powerful NaFi)
 26434 | Orc:4    | Found a roughly hewn altar of Beogh.
 26454 | Orc:4    | Noticed Maud
 27215 | Lair:4   | Noticed Snorg
 27248 | Lair:4   | HP: 3/111 [blink frog (16)]
 28011 | Lair:4   | Killed Snorg
 29300 | Lair:5   | Got a steaming ruby amulet
 29301 | Lair:5   | Identified the amulet of Xom's Entertainment {Clar +Blink SInv Stlth+} (You found it on level 5 of the Lair of Beasts)
 29345 | Lair:5   | Found a staircase to the Snake Pit.
 29781 | Lair:5   | Killed Nergalle
 30635 | Lair:6   | Reached XP level 14. HP: 114/118 MP: 19/19
 32494 | Lair:6   | Reached skill level 12 in Shields
 32801 | Lair:7   | Reached skill level 5 in Stealth
 32801 | Lair:7   | Reached skill level 1 in Spellcasting
 33301 | Lair:7   | Reached skill level 1 in Charms
 34790 | Lair:8   | Entered Level 8 of the Lair of Beasts
 35476 | Lair:8   | Identified a scroll of acquirement
 35527 | Lair:8   | Got a crude plate armour
 35570 | Lair:8   | Identified the cursed +0 plate armour of Elitism {rPois Regen+ Int+5} (You found it on level 8 of the Lair of Beasts)
 35656 | Lair:8   | Reached skill level 10 in Fighting
 35955 | Lair:8   | Found a viscous altar of Jiyva.
 35955 | Lair:8   | Found a staircase to the Slime Pits.
 36597 | Lair:8   | Reached XP level 15. HP: 126/126 MP: 21/21
 36660 | Lair:8   | Killed from afar by a fire dragon

Vault maps used:
D:1:      evilmike_arrival_hilbert_curve
D:2:      grunt_temple_overflow_opulence, nicolae_ru_great_annihilating_truth,
          minivault_26, minmay_misc_feat_tower
D:3:      kennysheep_big_flooded_room, ecumenical_altar_1, wad_rectangle_vault,
          uniq_iyjb
D:4:      uniq_natasha, uniq_blork_the_orc, uniq_menkaure, uniq_edmund
D:5:      minmay_temple_entry_trees, basic_altar, first_bread
D:6:      grunt_temple_overflow_magic_moments, basic_altar,
          fedhas_bush_and_centaur_altar, uniq_pikel
D:7:      grunt_temple_overflow_open, serial_shops, shop_statue,
          grunt_livestock, uniq_duvessa
D:8:      minmay_tri_box, kennysheep_mini_moat, serial_ice, serial_ice_f,
          serial_ice_n, serial_ice_c, serial_ice_h
D:9:      lair_0_dummy, serial_shops, nicolae_shop_trees, uniq_erica,
          uniq_joseph, uniq_maurice
D:10:     minmay_statue_hallways, mrwooster_statue_mirror, uniq_fannar
D:11:     cheibrodos_stairvault_heist, orc_0_dummy, lemuel_jelly_drop
Lair:1:   nicolae_quartered_pool_little, serial_bayou_crossing
Lair:3:   minmay_shoals_entry_beasts, infiniplex_staircase_pool
Lair:4:   portal_ice_cave_entry_pillars_03, uniq_josephine, uniq_nergalle,
          uniq_snorg
Lair:5:   dummy_snake_entry
Lair:6:   beast_lair_carwin_5, grunt_megastairs_4, lemuel_fruit_fields
Lair:7:   serial_bayou_pond_b, grunt_megastairs_5
Lair:8:   guppyfry_lair_end_dragon, slime_altar_1, st_stairs_10
Orc:1:    guppyfry_library_mini
Orc:2:    lemuel_ogre_cave, serial_shops, shop, enter_volcano_4
Orc:3:    serial_shops, shop, nicolae_orc_pool_cavern
Orc:4:    st_orc_elflike, basic_altar, serial_shops, shop, uniq_maud
IceCv:    ice_cave_statue_garden_01

Action                   |  1- 3 |  4- 6 |  7- 9 | 10-12 | 13-15 || total
-------------------------+-------+-------+-------+-------+-------++-------
Melee: Long sword        |   162 |   200 |   480 |   134 |    20 ||   996
       Short sword       |       |    47 |    33 |    69 |    11 ||   160
       Scimitar          |       |       |       |  1167 |  2329 ||  3496
 Fire: Blowgun           |       |       |       |       |    12 ||    12
Throw: Javelin           |       |     3 |    19 |    35 |     1 ||    58
 Cast: Infusion          |       |       |       |     1 |     2 ||     3
Evoke: Wand              |       |       |    11 |    59 |    13 ||    83
  Use: Potion            |     1 |     6 |     7 |     4 |     9 ||    27
       Scroll            |       |    10 |     6 |     6 |    12 ||    34
 Stab: Paralysed         |     1 |       |     2 |     5 |       ||     8
       Sleeping          |       |     2 |     5 |    22 |     9 ||    38
       Invisible         |       |       |     3 |       |     9 ||    12
       Distracted        |       |       |       |     1 |     5 ||     6
  Eat: Chunk             |     2 |     9 |    16 |    37 |    51 ||   115
       Fruit             |       |       |       |     1 |       ||     1
       Meat ration       |       |       |       |       |     1 ||     1
       Royal jelly       |       |       |       |       |     1 ||     1
       Pizza             |       |       |       |       |     1 ||     1
